 Seeded DCSS version 0.30.1-11-g7821555f0a (webtiles) character file.

Game seed: 8617203140785432855 (custom seed)

2 Psyclone the Conjurer (level 1, 0/10 HPs)
             Began as a Tengu Conjurer on Nov 2, 2023.
             Slain by a bat (1 damage)
             ... on level 1 of the Dungeon.
             The game lasted 00:00:02 (336 turns).

Psyclone the Conjurer (Tengu Conjurer)               Turns: 336, Time: 00:00:02

Health: 0/10       AC:  2    Str:  7    XL:     1   Next: 40%
Magic:  4/4        EV: 12    Int: 18    God:
Gold:   0          SH:  0    Dex: 12    Spells: 3/4 levels left

rFire   . . .        (no weapon)
rCold   . . .        (no shield)
rNeg    . . .        a - +0 robe
rPois   .            (helmet restricted)
rElec   .            (no cloak)
rCorr   .            (no gloves)
SInv    .            (boots unavailable)
Will    .....        (no amulet)
Stlth   ++           (no ring)
HPRegen 0.21/turn    (no ring)
MPRegen 0.09/turn

%: no passive effects
@: no status effects
A: beak, talons 3
a: no special abilities


You were on level 1 of the Dungeon.
You visited 1 branch of the dungeon, and saw 1 of its levels.

Inventory:

Armour
 a - a +0 robe (worn)
Potions
 b - a potion of magic


   Skills:
 - Level 2.1 Dodging
 - Level 2.0 Stealth
 - Level 2.0 Spellcasting
 + Level 5.5 Conjurations


You had 3 spell levels left.
You knew the following spells:

 Your Spells              Type           Power      Damage    Failure   Level
a - Magic Dart            Conj           84%        1d7       1%          1

Your spell library contained the following spells:

 Spells                   Type           Power      Damage    Failure   Level
 Searing Ray              Conj           42%        2d6       2%          2
 Dazzling Flash           Conj/Hex       22%        N/A       17%         3
 Fulminant Prism          Conj/Hex       5%         3d7       50%         4
 Iskenderun's Mystic Bla  Conj/Tloc      11%        2d4       50%         4


Dungeon Overview and Level Annotations

Branches:
Dungeon (1/15) Zot: 5663

Altars:


Innate Abilities, Weirdness & Mutations

You have a beak for a mouth.
You have claws for feet.


Message History

The bat barely misses you.
The giant cockroach bites you but does no damage.
The bat closely misses you.
The giant cockroach bites you but does no damage.
The bat closely misses you. The giant cockroach bites you. The bat hits you.
The bat hits you but does no damage. x2; The bat misses you.
The giant cockroach waves its antennae.
The giant cockroach misses you. The bat hits you but does no damage.
The giant cockroach barely misses you. The bat hits you but does no damage. x2
The giant cockroach closely misses you. The bat barely misses you.
The bat closely misses you. The giant cockroach bites you. The bat misses you.
The giant cockroach closely misses you. The giant cockroach misses you.
The bat hits you.
* * * LOW HITPOINT WARNING * * *
The bat misses you. The bat closely misses you. The bat misses you.
The giant cockroach bites you.
* * * LOW HITPOINT WARNING * * *
The bat hits you.
* * * LOW HITPOINT WARNING * * *
The bat completely misses you.
The giant cockroach bites you but does no damage.
The bat closely misses you. The bat misses you. The giant cockroach misses you.
The bat hits you but does no damage.
The giant cockroach bites you but does no damage.
The bat barely misses you.
The giant cockroach bites you but does no damage.
The giant cockroach misses you. The bat closely misses you. x2
The bat hits you.
* * * LOW HITPOINT WARNING * * *
The bat closely misses you. The giant cockroach closely misses you.
The bat hits you but does no damage. The bat hits you.
* * * LOW HITPOINT WARNING * * *
The giant cockroach completely misses you.
The giant cockroach misses you. The bat hits you but does no damage.
The bat closely misses you. The bat hits you but does no damage.
The bat barely misses you. x2
The giant cockroach bites you but does no damage. x2
The bat hits you.
You die...

...................####
..............#.........
..........##............
..........##..##........
...........!..##........
..............##.....)..
........##.....#.....!..
........##.....bBb......
...##...........@#....#
...##.......#.........#
... .......#..........#
.. ........#.#.......##
###........#....!..#
###+##.............
.......##...... .....
......


You could see a giant cockroach and 2 bats.

Vanquished Creatures
  A dart slug (D:1)
1 creature vanquished.

Notes
Turn   | Place    | Note
-------+----------+-------------------------------------------
     0 | D:1      | Psyclone the Tengu Conjurer began the quest for the Orb.
     0 | D:1      | Reached XP level 1. HP: 10/10 MP: 4/4
   336 | D:1      | Slain by a bat

Illustrated notes

Levels and vault maps discovered:
D:1:      dpeg_arrival_stonehenge_12_columns, layout_basic, serial_shops, shop

Action                     || total
---------------------------++-------
  Melee: Unarmed           ||     1
         Kick              ||     1
   Cast: Magic Dart        ||     3
 Armour: Robe              ||    30
  Dodge: Dodged            ||    64
